 Dungeon Crawl Stone Soup version 0.20.1-1-g8b1a95d (webtiles) character file.

231 Vourdeox the Slasher (level 5, -6/47 HPs)
             Began as a Minotaur Berserker on Nov 28, 2017.
             Was a Believer of Trog.
             Killed by divine providence
             ... invoked by an orc priest
              (12 damage)
             ... on level 5 of the Dungeon.
             The game lasted 00:05:58 (544 turns).

Vourdeox the Slasher (Minotaur Berserker)            Turns: 544, Time: 00:05:59

Health: -6/47      AC:  8    Str: 22    XL:     5   Next: 72%
Magic:  4/4        EV: 10    Int:  4    God:    Trog [**....]
Gold:   76         SH:  6    Dex: 10    Spells: 4/4 levels left

rFire    . . .     SeeInvis .   a - +0 falchion
rCold    . . .     Gourm    .   f - +2 buckler
rNeg     . . .     Faith    .   k - +0 scale mail
rPois    .         Spirit   .   (helmet restricted)
rElec    .         Reflect  .   (no cloak)
rCorr    .         Harm     .   n - +0 pair of gloves
MR       ++...                  (no boots)
Stlth    ..........             (no amulet)
Regen    1.2/turn               (no ring)
MPRegen  0.1/turn               (no ring)

@: regenerating
A: retaliatory headbutt, horns 2
a: Berserk, Trog's Hand, Burn Spellbooks, Renounce Religion


You were on level 5 of the Dungeon.
You worshipped Trog.
Trog was pleased with you.
You were not hungry.

You visited 1 branch of the dungeon, and saw 5 of its levels.

You collected 76 gold pieces.

Inventory:

Hand Weapons
 a - a +0 falchion (weapon)
 o - a +0 shortbow
Missiles
 p - 12 arrows
Armour
 b - a +0 animal skin
 d - a +0 ring mail
 f - a +2 buckler (worn)
 i - a +0 robe
 k - a +0 scale mail (worn)
 n - a +0 pair of gloves (worn)
Scrolls
 e - 2 scrolls of fog {unknown}
 g - 2 scrolls of identify {unknown}
 l - 2 scrolls of remove curse {unknown}
 m - a scroll of recharging {unknown}
Potions
 h - a potion of resistance {unknown}
Comestibles
 c - a bread ration


   Skills:
 + Level 4.9 Fighting
 + Level 5.4 Long Blades
 + Level 3.4 Armour
 + Level 2.9 Dodging
 * Level 2.6 Shields


You had 4 spell levels left.
You didn't know any spells.

Dungeon Overview and Level Annotations

Branches:
Dungeon (5/15)
 Temple: D:4-7

Altars:

Annotations:
D:5 Gerstahl's ghost, novice NaSk


Innate Abilities, Weirdness & Mutations

You reflexively headbutt those who attack you in melee.
You have a pair of horns on your head.


Message History

The orc priest is heavily wounded.
The orc priest hits you with a dagger of holy wrath.
Gerstahl's ghost (novice Naga Skald) comes into view.
You slash the orc priest!
The orc priest is almost dead.
The orc priest looks braver for a moment.
You hit the orc.
The orc is severely wounded.
You block Gerstahl's ghost's attack.
The orc priest calls down the wrath of Beogh upon you.
Beogh smites you!
* * * LOW HITPOINT WARNING * * *
Gerstahl's ghost hits you.
* * * LOW HITPOINT WARNING * * *
Your skin crawls.
You feel resistant to hostile enchantments.
You feel somewhat more hungry. Gerstahl's ghost closely misses you.
The orc priest calls down the wrath of Beogh upon you.
Beogh smites you!
You die...

.. .# .# .# .#
### .#
.....####o####.#
#....@oW......
#.#####.####..
.# ##


You could see an orc priest, Gerstahl's ghost and an orc.

Vanquished Creatures
  A centaur (D:5)
  A hound (D:5)
  Jessica (D:2)
  Natasha (twice) (D:3)
  An adder (D:3)
  A shadow imp (D:4)
  An adder zombie (D:5)
  An adder skeleton (D:5)
  A worm (D:2)
  An orc (D:5)
  2 giant cockroaches
  3 goblins (D:3)
  A hobgoblin (D:3)
  2 quokkas
  A ball python (D:4)
  A bat (D:2)
  2 kobolds (D:3)
  A leopard gecko skeleton (D:4)
  3 rats
27 creatures vanquished.

Notes
Turn   | Place    | Note
-------+----------+-------------------------------------------
     0 | D:1      | Vourdeox the Minotaur Berserker began the quest for the Orb.
     0 | D:1      | Reached XP level 1. HP: 19/19 MP: 0/0
   133 | D:2      | Noticed Jessica
   143 | D:2      | Killed Jessica
   143 | D:2      | Reached skill level 4 in Long Blades
   143 | D:2      | Reached skill level 1 in Shields
   143 | D:2      | Reached XP level 2. HP: 23/27 MP: 1/1
   176 | D:2      | Reached XP level 3. HP: 32/33 MP: 2/2
   200 | D:3      | Noticed Natasha
   204 | D:3      | Killed Natasha
   219 | D:3      | Noticed Natasha
   226 | D:3      | Killed Natasha
   226 | D:3      | Reached ** piety under Trog
   226 | D:3      | Reached XP level 4. HP: 7/41 MP: 3/3
   355 | D:5      | Entered Level 5 of the Dungeon
   435 | D:5      | Noticed a centaur
   439 | D:5      | Reached skill level 5 in Long Blades
   439 | D:5      | Reached XP level 5. HP: 27/47 MP: 4/4
   441 | D:5      | Killed a centaur
   541 | D:5      | Noticed Gerstahl's ghost (novice NaSk)
   544 | D:5      | Killed from afar by an orc priest

Skill      XL: |  1  2  3  4 |
---------------+-------------+-----
Fighting       | 4 |  4.9
Long Blades    | 4 5 |  5.4
Shields        | 1 2 |  2.6
Armour         | 3 |  3.4
Dodging        | |  2.9

Action                   |  1- 3 |  4- 6 || total
-------------------------+-------+-------++-------
Melee: Falchion          |    27 |    42 ||    69
       Headbutt          |     3 |     5 ||     8
Invok: Trog's Hand       |       |     2 ||     2
       Burn Spellbooks   |       |     1 ||     1
Armor: Ring mail         |     2 |       ||     2
       Scale mail        |     2 |    13 ||    15
Dodge: Dodged            |    20 |    24 ||    44
Block: Buckler           |     9 |    10 ||    19
       Rpst.: Falchion   |     8 |     7 ||    15
